 Dungeon Crawl Stone Soup version 0.32-a0-938-g40ac7a0f4d (webtiles) character file.

Game seed: 6039413692261901641

2787 Nvm9 the Trooper (level 9, -1/71 HPs)
             Began as a Demonspawn Fighter on Apr 15, 2024.
             Was a Follower of Qazlal.
             Slain by a two-headed ogre
             ... wielding a +0 giant club
              (11 damage)
             ... on level 8 of the Dungeon.
             The game lasted 00:09:58 (6524 turns).

Nvm9 the Trooper (Demonspawn Fighter)               Turns: 6524, Time: 00:09:59

Health: -1/71      AC: 15    Str: 21    XL:     9   Next: 43%
Magic:  9/9        EV: 10    Int: 14    God:    Qazlal [*.....]
Gold:   474        SH: 11    Dex: 13    Spells: 8/8 levels left

rFire   . . .        a - +1 war axe
rCold   . . .        c - +0 buckler
rNeg    . . .        e - +0 chain mail
rPois   .            (helmet restricted)
rElec   .            h - +1 cloak
rCorr   .            r - +0 pair of gloves
SInv    .            B - +0 pair of boots
Will    .....        u - amulet of reflection Stlth
                     g - +4 ring of protection
HPRegen 0.31/turn    m - +6 ring of intelligence
MPRegen 0.11/turn

%: reflection
@: corroded, studying Throwing
A: horns 1, repulsion field 2, ignite blood 1, powered by pain 2
a: Renounce Religion


You were on level 8 of the Dungeon.
You worshipped Qazlal.
Qazlal was aware of your devotion.
You visited 2 branches of the dungeon, and saw 9 of its levels.

You collected 474 gold pieces.

Inventory:

Hand Weapons
 a - a +1 war axe (weapon)
 l - a +2 heavy dire flail
 o - the +8 orcbow "Belek" {heavy, Int+3 Dex+4}
   (You found it on level 5 of the Dungeon)

   Int+3:     It affects your intelligence (+3).
   Dex+4:     It affects your dexterity (+4).
 t - a +2 dire flail of freezing
 x - a +0 hand axe
Missiles
 d - 4 darts of dispersal
 f - 12 poisoned darts (quivered)
 s - 4 atropa-tipped darts
Armour
 c - a +0 buckler (worn)
 e - a +0 chain mail (worn)
 h - a +1 cloak (worn)
 r - a +0 pair of gloves (worn)
 B - a +0 pair of boots (worn)
Jewellery
 g - a +4 ring of protection (left hand)
 m - a +6 ring of intelligence (right hand)
 u - an amulet of reflection (around neck)
 v - a ring of see invisible
Wands
 y - a wand of charming (11)
Scrolls
 i - 2 scrolls of enchant armour
 k - a scroll of teleportation
 n - 4 scrolls of identify
 q - a scroll of fog
 w - a scroll of vulnerability
 A - a scroll of enchant weapon
Potions
 j - 2 potions of lignification
 p - a potion of cancellation
 z - a potion of invisibility


   Skills:
 * Level 6.7 Fighting
 * Level 5.8 Axes
 + Level 2.5 Ranged Weapons
 + Level 4.1 Throwing
 * Level 6.1 Armour
 * Level 6.1 Shields


You had 8 spell levels left.
You didn't know any spells.
Your spell library contained the following spells:

 Spells                   Type           Power      Damage    Failure   Level
 Apportation              Tloc           0%         N/A       91%         1
 Necrotise                Necr           0%         1d4       91%         1
 Sting                    Conj/Alch      0%         1d3       91%         1
 Summon Small Mammal      Summ           0%         N/A       91%         1
 Animate Dead             Necr           0%         N/A       100%        4
 Leda's Liquefaction      Alch/Erth      0%         N/A       100%        4
 Petrify                  Alch/Erth      0%         N/A       100%        4
 Borgnjor's Vile Clutch   Necr/Erth      0%         N/A       100%        5
 Metabolic Englaciation   Hex/Ice        0%         N/A       100%        5
 Death Channel            Necr           0%         N/A       100%        6


Dungeon Overview and Level Annotations

Branches:
Dungeon (8/15)             Temple (1/1) D:4
   Lair: D:8-11

Altars:
Ashenzari
Cheibriados
Dithmenos
Hepliaklqana
Kikubaaqudgha
Nemelex Xobeh
Qazlal
Ru
Trog
Uskayaw
Vehumet
Yredelemnul

Shops:
D:4 (

Annotations:
D:3 2 transporters, GreedOfGod's ghost, weakling GrFi
D:4 2 transporters, Menkaure
D:6 Jeremiah


Innate Abilities, Weirdness & Mutations

You have a pair of small horns on your head.
You are surrounded by a moderate repulsion field. (EV +3)
Your demonic aura sometimes causes spilled blood to erupt in flames.
You sometimes gain power by taking damage.


Message History

Found a ring mail.
Key pressed, stopping explore.
Found a stone staircase leading down.
There is a stone staircase leading down here.
Key pressed, stopping explore.
Done exploring.
Okay, then.
Okay, then.
Okay, then.
There is a stone staircase leading down here.
You climb downwards.
The two-headed ogre hits you with a +0 giant club!
The two-headed ogre hits you with a +0 giant club.
There is a stone staircase leading up, spattered with blood here.
You barely miss the two-headed ogre.
You block the two-headed ogre's attack. x2
You completely miss the two-headed ogre.
You block the two-headed ogre's attack.
The two-headed ogre hits you with a +0 giant club.
You slash the two-headed ogre!
The two-headed ogre is lightly wounded.
The acid dragon roars!
You hit the two-headed ogre.
The two-headed ogre is moderately wounded.
The two-headed ogre is engulfed in blazing flames.
The two-headed ogre hits you with a +0 giant club.
The two-headed ogre hits you but does no damage.
The acid dragon spits acid at you. The splash of acid hits you!!
The acid corrodes you!
You are too injured to fight recklessly!
You are too injured to fight recklessly!
You are too injured to fight recklessly!
You are too injured to fight recklessly!
Unknown command.
You hit the two-headed ogre but do no damage.
The two-headed ogre is heavily wounded.
The two-headed ogre is engulfed in blazing flames.
The two-headed ogre hits you with a +0 giant club!
* * * LOW HITPOINT WARNING * * *
The two-headed ogre hits you with a +0 giant club!
You die...

### #####.#
#.#...#####
##.###.....# # #
#.O@##.##### .###..
#.###...# .......
###.## #.....#D ##
##.####..# ... ..
##......# ..# #.
#..#...## ..# .##..
##.###D.# ...
......##.## #..##
##...
#<...####...###....


You could see a two-headed ogre and an acid dragon (catching breath).

Vanquished Creatures
  Maurice (D:7)
  A wyvern (D:7)
  A vampire (D:5)
  2 steam dragons (D:7)
  Edmund (D:6)
  A black bear (D:3)
  An ice beast (D:6)
  A sky beast (D:7)
  An ogre (D:5)
  A centaur (D:6)
  A phantom (D:5)
  2 scorpions
  9 wights
  A howler monkey (D:7)
  A bombardier beetle (D:5)
  4 hounds
  A jelly (D:5)
  An orc priest (D:4)
  3 iguanas
  2 sleepcaps (D:4)
  5 orc wizards
  7 adders
  A white imp (D:5)
  2 ufetubi (D:7)
  3 dart slugs
  11 orcs
  5 endoplasms
  7 giant cockroaches
  12 goblins
  7 hobgoblins
  3 kobolds
  3 quokkas
  4 ball pythons
  3 bats
  3 frilled lizards
  4 rats
116 creatures vanquished.

Notes
Turn   | Place    | Note
-------+----------+-------------------------------------------
     0 | D:1      | Nvm9 the Demonspawn Fighter began the quest for the Orb.
     0 | D:1      | Reached XP level 1. HP: 18/18 MP: 1/1
   244 | D:1      | Gained mutation: You are surrounded by a mild repulsion
                  | field. (EV +2) [demonic ancestry]
   244 | D:1      | Reached XP level 2. HP: 19/24 MP: 2/2
  1000 | D:2      | Gained mutation: You have a pair of small horns on your
                  | head. [demonic ancestry]
  1000 | D:2      | Reached XP level 3. HP: 17/29 MP: 3/3
  2098 | D:3      | Found a faded altar of an unknown god.
  2240 | D:3      | Reached XP level 4. HP: 35/35 MP: 4/4
  2256 | D:3      | Found a transporter.
  2259 | D:3      | Noticed GreedOfGod's ghost (weakling GrFi)
  2259 | D:3      | Noticed an ogre
  2260 | D:3      | Noticed an ogre
  2260 | D:3      | Identified the +10 giant spiked club "Feickuv" {flame, rF+
                  | rC+ Will- Int+3}
  2260 | D:3      | Noticed an ogre
  2261 | D:3      | Found a transporter.
  2684 | D:4      | Found Habadal's Antique Weapon Shoppe.
  2684 | D:4      | Noticed a black bear
  2708 | D:3      | Killed a black bear
  2709 | D:3      | Gained mutation: You are surrounded by a moderate repulsion
                  | field. (EV +3) [demonic ancestry]
  2709 | D:3      | Reached XP level 5. HP: 39/42 MP: 5/5
  2791 | D:4      | Gained mutation: Your demonic aura sometimes causes spilled
                  | blood to erupt in flames. [demonic ancestry]
  2791 | D:4      | Reached XP level 6. HP: 41/48 MP: 6/6
  2888 | D:4      | Found a staircase to the Ecumenical Temple.
  2904 | Temple   | Entered the Ecumenical Temple
  2932 | Temple   | Became a worshipper of Qazlal Stormbringer
  2955 | D:4      | Found a transporter.
  2958 | D:4      | Found an ancient bone altar of Kikubaaqudgha.
  3081 | D:4      | Found a transporter.
  3081 | D:4      | Found a basalt altar of Yredelemnul.
  3085 | D:4      | Noticed Menkaure
  3204 | D:5      | Entered Level 5 of the Dungeon
  3304 | D:5      | Reached skill level 1 in Throwing
  3304 | D:5      | Gained mutation: You sometimes gain a little power by
                  | taking damage. [demonic ancestry]
  3304 | D:5      | Reached XP level 7. HP: 55/55 MP: 7/7
  3591 | D:5      | Identified the +8 orcbow "Belek" {heavy, Int+3 Dex+4}
  3690 | D:5      | Noticed a vampire
  3711 | D:5      | Killed a vampire
  3712 | D:5      | Reached skill level 5 in Fighting
  4315 | D:6      | Reached XP level 8. HP: 62/62 MP: 8/8
  4351 | D:6      | Reached skill level 1 in Ranged Weapons
  4419 | D:6      | Noticed Jeremiah
  4563 | D:6      | Noticed Edmund
  4570 | D:6      | Reached skill level 5 in Shields
  4573 | D:6      | Reached skill level 5 in Armour
  4593 | D:6      | Killed Edmund
  5024 | D:7      | Reached skill level 5 in Axes
  5290 | D:7      | Noticed Maurice
  5362 | D:8      | Noticed a two-headed ogre
  5660 | D:7      | Gained mutation: You sometimes gain power by taking damage.
                  | [demonic ancestry]
  5660 | D:7      | Reached XP level 9. HP: 59/69 MP: 9/9
  5904 | D:7      | Reached * piety under Qazlal
  6226 | D:7      | Maurice stole a +2 heavy dire flail
  6228 | D:7      | Maurice stole 4 darts of dispersal
  6230 | D:7      | Killed Maurice
  6524 | D:8      | Slain by a two-headed ogre

Illustrated notes

Levels and vault maps discovered:
D:1:      erik_arrival_orb_chamber, layout_loops_ring
D:2:      layout_basic, serial_rivers, chequers_serial_rivers_large_a,
          chequers_serial_rivers_room_b, chequers_serial_rivers_small_b,
          chequers_serial_rivers_small_3, chequers_serial_rivers_small_b
D:3:      layout_basic, gammafunk_ghost_smash, basic_ecumenical_altar
D:4:      layout_rooms, gammafunk_temple_of_torment, temple_statues,
          serial_shops, shop
D:5:      layout_basic, minmay_manual_mandibuliform
D:6:      layout_basic, nicolae_lava_and_water, uniq_edmund, uniq_jeremiah
D:7:      layout_basic, nrook_campfire, uniq_maurice
D:8:      layout_layer_cave, nicolae_overflow_hidden_temple,
          hangedman_misty_isle, uniq_psyche
Temple:   nicolae_temple_god_jail

Skill      XL: |  1  2  3  4  5  6  7  8  9 |
---------------+----------------------------+-----
Axes           | 2 3 4 5 |  5.8
Armour         | 3 4 5 6 |  6.1
Shields        | 3 4 5 6 |  6.1
Fighting       | 4 5 6 |  6.7
Throwing       | 1 3 4 |  4.1
Ranged Weapons | 2 |  2.5

Action                     |  1- 3 |  4- 6 |  7- 9 || total
---------------------------+-------+-------+-------++-------
  Melee: War axe           |   125 |    70 |   187 ||   382
         Headbutt          |     9 |     8 |    32 ||    49
    Use: Potion            |     4 |     4 |     5 ||    13
         Scroll            |     2 |     4 |     3 ||     9
 Armour: Scale mail        |    52 |       |       ||    52
         Chain mail        |    45 |    89 |   197 ||   331
  Dodge: Dodged            |    53 |    46 |    94 ||   193
  Block: Buckler           |    19 |    22 |    76 ||   117

Table legend: (Time is in decaauts)
 A = Elapsed time spent in this place.
 B = Non-inter-level travel time spent in this place.
 C = Inter-level travel time spent in this place.
 D = Time resting spent in this place.
 E = Time spent auto-exploring this place.
 F = Levels seen in this place.
 G = Mean time per level.
                   A        B        C        D        E       F      G
               +--------+--------+--------+--------+--------+-----+--------+
         Total |   6683 |   6455 |    228 |   1054 |   4032 |   9 |  742.6 |
       Dungeon |   6636 |   6426 |    210 |   1054 |   4032 |   8 |  829.5 |
        Temple |     46 |     28 |     18 |      0 |      0 |   1 |   46.0 |
               +--------+--------+--------+--------+--------+-----+--------+

Top non-repeatable levels by time:
     D:2: 1233 daAuts
     D:7: 1189 daAuts
     D:6: 1090 daAuts
     D:5: 1037 daAuts
     D:1: 880 daAuts
     D:3: 657 daAuts
     D:4: 486 daAuts
     D:8: 61 daAuts
  Temple: 46 daAuts
